[Event "Early-Titled-Tuesday-Blitz-April-16-2024"]
[Site "Chess.com"]
[Date "2024.04.16"]
[Round "10"]
[White "kachsona"]
[Black "amanjazu"]
[Result "1-0"]
[WhiteElo "2624"]
[BlackElo "2523"]
[TimeControl "180+1"]
[EndTime "9:58:37 PDT"]
[Termination "kachsona won by checkmate"]

1. e4 Nf6 2. e5 Nd5 3. d4 d6 4. Nf3 g6 5. a4 Bg7 6. a5 O-O 7. Bc4 Nb4 8. c3 N4c6 9. O-O dxe5 10. d5 e4 11. Ng5 Ne5 12. Be2 Bf5 13. g4 Bc8 14.
Nxe4 c6 15. d6 exd6 16. Qxd6 Bxg4 17. Bxg4 Nxg4 18. Bg5 f6 19. Qe6+ Kh8 20. Qxg4 fxg5 21. Nxg5 Qd7 22. Ra4 Qxg4+ 23. Rxg4 Nd7 24. Ne6 Rf6 25.
Nxg7 Kxg7 26. Rh4 Ne5 27. Re4 Nf3+ 28. Kg2 Raf8 29. Rd1 Ng5 30. Rd7+ Kh6 31. Rh4# 1-0

[Event "Early-Titled-Tuesday-Blitz-April-16-2024"]
[Site "Chess.com"]
[Date "2024.04.16"]
[Round "10"]
[White "lluiss"]
[Black "Navyblue1"]
[Result "0-1"]
[WhiteElo "2079"]
[BlackElo "2255"]
[TimeControl "180+1"]
[EndTime "9:58:37 PDT"]
[Termination "Navyblue1 won by resignation"]

1. e4 c5 2. Nf3 d6 3. d4 cxd4 4.
Nxd4 Nf6 5. Nc3 a6 6. Bg5 Nbd7 7. f4 Qc7 8. Qf3 h6 9. Bxf6 Nxf6 10. O-O-O Bg4 11. Qe3 Bxd1 12. Kxd1 g6 13. e5 dxe5 14.
fxe5 Ng4 15. Qf4 Nxe5 16. Bd3 Rc8 17. Nd5 Qd6 18. Re1 Qxd5 19. Rxe5 Qd6 20. Qe4 Rd8 21.
Nf3 Bg7 22. Re6 Qxe6 23. Qxb7 O-O 0-1

[Event "Early-Titled-Tuesday-Blitz-April-16-2024"]
[Site "Chess.com"]
[Date "2024.04.16"]
[Round "10"]
[White "Durarbayli"]
[Black "shimastream"]
[Result "0-1"]
[WhiteElo "2877"]
[BlackElo "3041"]
[TimeControl "180+1"]
[EndTime "9:58:38 PDT"]
[Termination "shimastream won by resignation"]

1. e4 b6 2. d4 Bb7 3. Nc3 e6 4. Nf3 Nf6 5. Bd3 Bb4 6. e5 Ne4 7. Bxe4 Bxe4 8. O-O Bb7 9. Ng5 Bxc3 10. bxc3 Nc6 11.
f4 h6 12. Qh5 g6 13. Qh3 Na5 14. a4 Nc4 15. Ba3 Nxa3 16. Rxa3 Qe7 17. Raa1 a5 18.
Nf3 O-O-O 19. Nd2 f5 20. c4 g5 21. Qa3 Qg7 22. Rae1 gxf4 23. Rf2 d6 24. exd6 Rxd6 25. c3 Rg8 26. Ree2 e5 27. dxe5 Rd3 28. Qb2 f3 29.
Nxf3 Bxf3 30. Rd2 Rxd2 31. Qxd2 Bc6 32. Qf4 Kb7 33. c5 Re8 34. cxb6 cxb6 35. Qxf5 Rxe5 36.
Qb1 Rg5 37. g3 Qe7 38. Qf1 Rg7 39. Re2 Qc5+ 40. Qf2 Qd5 41. Qf6 Qh1+ 42. Kf2 Qxh2+ 43. Ke1 Qxg3+ 44. Kd2 Rd7+ 0-1

[Event "Early-Titled-Tuesday-Blitz-April-16-2024"]
[Site "Chess.com"]
[Date "2024.04.16"]
[Round "10"]
[White "Eliwood44"]
[Black "kripri"]
[Result "0-1"]
[WhiteElo "2470"]
[BlackElo "2378"]
[TimeControl "180+1"]
[EndTime "9:58:40 PDT"]
[Termination "kripri won by resignation"]

1. d4 d5 2. c4 e6 3. Nc3 Be7 4.
cxd5 exd5 5. Bf4 Nf6 6. e3 c6 7.
Nf3 Bf5 8. h3 h6 9. Bd3 Bxd3 10.
Qxd3 O-O 11. O-O Nbd7 12. Rab1 Re8 13. b4 a6 14. a4 Nf8 15. b5 axb5 16. axb5 Qa5 17.
bxc6 bxc6 18. Rfc1 Ne6 19. Bh2 Bb4 20. Ne5 Rec8 21.
Ne2 c5 22. dxc5 Bxc5 23. Nf4 Bd6 24. Nxe6 fxe6 25. Qg6 Qa7 26. Nc6 Bxh2+ 27. Kxh2 Qd7 28. Ne5 Qe8 29. Qd3 Rxc1 30. Rxc1 Rc8 31. Ra1 Qe7 32. f4 Ne4 33. Ra6 Qh4 34. Qf1 Qg3+ 35. Kh1 Nf2+ 36.
Kg1 Nxh3+ 37. Kh1 Nf2+ 38. Kg1 Qxe3 39. Rxe6 Rc1 40. Re8+ Kh7 41. Qxc1 Qxc1+ 42. Kxf2 Qxf4+ 43. Nf3 d4 44. Rd8 Qe3+ 45. Kf1 d3 46. Rd6 Qe2+ 47. Kg1 g5 48. Rf6 g4 49. Nh4 Qe1+ 50. Kh2 Qxh4+ 51.
Kg1 Qxf6 0-1

[Event "Early-Titled-Tuesday-Blitz-April-16-2024"]
[Site "Chess.com"]
[Date "2024.04.16"]
[Round "10"]
[White "Vesper2018"]
[Black "klercaku"]
[Result "0-1"]
[WhiteElo "2543"]
[BlackElo "2254"]
[TimeControl "180+1"]
[EndTime "9:58:42 PDT"]
[Termination "klercaku won by resignation"]

1. e4 e5 2. Nf3 Nc6 3. Bb5 a6 4. Ba4 Nf6 5. O-O b5 6. Bb3 Be7 7. Re1 d6 8. c3 O-O 9. h3 Na5 10.
Bc2 c5 11. d4 Qc7 12. d5 c4 13. Nbd2 Nb7 14. b4 Bd7 15. a3 a5 16. Nf1 axb4 17. cxb4 h6 18. g4 Qc8 19. Ng3 h5 20. g5 Nh7 21. Nh2 Bxg5 22. Qxh5 Bxc1 23. Raxc1 Nf6 24.
Qh4 Rxa3 25. Re3 Rxe3 26. fxe3 Nh7 27. Nf5 Bxf5 28. exf5 Qd8 29. Qg3 Qg5 30. Ng4 Nf6 31. Nxf6+ Qxf6 32. Ra1 e4 33. Ra7 Rb8 34. Bxe4 Qb2 35.
Qf2 Qxb4 36. f6 Qc3 37. fxg7 Qxg7+ 38. Kh1 Nc5 39. Bf5 b4 40. Ra1 Qxa1+ 0-1

[Event "Early-Titled-Tuesday-Blitz-April-16-2024"]
[Site "Chess.com"]
[Date "2024.04.16"]
[Round "10"]
[White "N_I_Chess"]
[Black "NMChessToImpress"]
[Result "0-1"]
[WhiteElo "2372"]
[BlackElo "2275"]
[TimeControl "180+1"]
[EndTime "9:58:42 PDT"]
[Termination "NMChessToImpress won by resignation"]

1. d4 e6 2. c4 Nf6 3. Nc3 d5 4.
cxd5 exd5 5. Bg5 c6 6. Qc2 Be7 7. e3 O-O 8. Bd3 Nbd7 9. Nge2 Re8 10. O-O Nf8 11. f3 g6 12. Rad1 Ne6 13. Bh4 b5 14. Kh1 Bd7 15. e4 dxe4 16. fxe4 Ng4 17. Bxe7 Qxe7 18.
Qd2 Qh4 19. h3 Nf2+ 20. Kg1 Nxd1 21. Qxd1 Rad8 22. e5 Nxd4 23. Ne4 Bf5 24. Nf6+ Kh8 25. Rf4 Nxe2+ 26. Qxe2 Qxf4 27. Bxf5 Rxe5 28. Ne4 0-1

[Event "Early-Titled-Tuesday-Blitz-April-16-2024"]
[Site "Chess.com"]
[Date "2024.04.16"]
[Round "10"]
[White "CristianS27"]
[Black "xasid81"]
[Result "0-1"]
[WhiteElo "2530"]
[BlackElo "2635"]
[TimeControl "180+1"]
[EndTime "9:58:44 PDT"]
[Termination "xasid81 won by resignation"]

1. e4 e6 2. d4 d5 3. Nd2 Nc6 4. Ngf3 Nf6 5. e5 Nd7 6. Nb3 f6 7. Bb5 fxe5 8. dxe5 Be7 9. Bxc6 bxc6 10. Ng5 Bxg5 11.
Qh5+ g6 12. Qxg5 Qxg5 13. Bxg5 O-O 14. f4 c5 15. Na5 Ba6 16. O-O-O c4 17. Nc6 Rf7 18. h4 Nc5 19. h5 Ne4 20. hxg6 hxg6 21. Rh6 Rh7 22. Ne7+ Kg7 23. Rxh7+ Kxh7 24. Bf6 Ng3 25. Re1 d4 26. c3 c5 27. Rd1 Bb7 28.
cxd4 cxd4 29. Bh4 Ne2+ 30. Kd2 Nxf4 31. Bf6 Bxg2 32. Rg1 Rb8 33. b3 cxb3 34. axb3 Rxb3 35. Bg5 Rb2+ 36. Kd1 Bf3+ 37. Ke1 Nd3+ 0-1

[Event "Early-Titled-Tuesday-Blitz-April-16-2024"]
[Site "Chess.com"]
[Date "2024.04.16"]
[Round "10"]
[White "Fjal"]
[Black "Hudijegszid"]
[Result "0-1"]
[WhiteElo "2326"]
[BlackElo "2466"]
[TimeControl "180+1"]
[EndTime "9:58:45 PDT"]
[Termination "Hudijegszid won by resignation"]

1. Nf3 d5 2. g3 b5 3. c3 c5 4. Qb3 a6 5. a4 c4 6. Qc2 Bb7 7. Bg2 Nd7 8. b3 Ngf6 9. Nd4 e5 10. Nf3 Bd6 11. O-O O-O 12. d3 Nc5 13. axb5 Nxb3 14. Ra2 axb5 15. Bg5 h6 16. Rxa8 Bxa8 17. Bxf6 Qxf6 18.
Nbd2 Nxd2 19. Nxd2 Bc5 20. Qa2 Bc6 21. dxc4 Ra8 22. Qb1 bxc4 23. e3 e4 24. Rd1 Qxc3 25.
Nf1 Qb4 26. Qc1 Ra2 27. h4 Qb2 28. Qxb2 Rxb2 29. Ra1 c3 30. Rc1 c2 31. Nd2 Ba4 32.
Bf1 Ba3 33. Kg2 Rb8 34. Ra1 c1=Q 0-1

[Event "Early-Titled-Tuesday-Blitz-April-16-2024"]
[Site "Chess.com"]
[Date "2024.04.16"]
[Round "10"]
[White "Hui_Li_Macau"]
[Black "carloseduar100"]
[Result "0-1"]
[WhiteElo "2377"]
[BlackElo "2252"]
[TimeControl "180+1"]
[EndTime "9:58:48 PDT"]
[Termination "carloseduar100 won by resignation"]

1. e4 e6 2. d4 d5 3. Nd2 c5 4.
Nb1 dxe4 5. Bb5+ Bd7 6. Bxd7+ Qxd7 7. Be3 cxd4 8. Qxd4 Qxd4 9. Bxd4 Nc6 10. Be3 f5 11.
Ne2 Nf6 12. Nd2 O-O-O 13. O-O-O Bd6 14. Nc4 Bc7 15. Bf4 e5 16. Bg5 h6 17. Bxf6 gxf6 18. Ng3 Ne7 19. Nh5 Rhg8 20. Rxd8+ Kxd8 21. Rd1+ Kc8 22. g3 Rg6 23. Nd6+ Bxd6 24. Rxd6 Ng8 25. c4 Kc7 26. Rd1 Rg5 27. h4 Rxh5 28. Kc2 f4 29. Rg1 Ne7 30. Rh1 fxg3 31. fxg3 Nf5 32. Kc3 Nxg3 33. Rg1 Ne2+ 0-1

[Event "Early-Titled-Tuesday-Blitz-April-16-2024"]
[Site "Chess.com"]
[Date "2024.04.16"]
[Round "10"]
[White "Kildepiotr"]
[Black "FGHSMN"]
[Result "0-1"]
[WhiteElo "2704"]
[BlackElo "2898"]
[TimeControl "180+1"]
[EndTime "9:58:49 PDT"]
[Termination "FGHSMN won by resignation"]

1. Nf3 c5 2. e4 Nf6 3. d3 Nc6 4.
g3 g6 5. Bg2 Bg7 6. O-O O-O 7.
c3 d6 8. Re1 Bd7 9. d4 cxd4 10.
cxd4 Bg4 11. h3 Bxf3 12. Bxf3 Nd7 13. Be3 Rc8 14. Nc3 Na5 15. Be2 Nc4 16. Bxc4 Rxc4 17. Qb3 Nb6 18. Nd5 Rc6 19. Rac1 Nxd5 20. Qxd5 Qd7 21.
Kg2 Rfc8 22. Rxc6 bxc6 23. Qa5 Qb7 24. b3 c5 25. d5 a6 26. Rc1 h5 27. Rc4 Ra8 28. Ra4 Bb2 29. Qd2 Be5 30. f4 Bg7 31. f5 Kh7 32. g4 hxg4 33. hxg4 Qb5 34. Rc4 a5 35. Rc1 a4 36. Rh1+ Kg8 37. Bh6 Qb4 38. Qe3 Qd4 39. Qf4 axb3 40. Bxg7 Rxa2+ 41. Kg3 Qxg7 42. fxg6 fxg6 0-1

[Event "Early-Titled-Tuesday-Blitz-April-16-2024"]
[Site "Chess.com"]
[Date "2024.04.16"]
[Round "10"]
[White "WilsonPalencia21"]
[Black "Der_Balak_3Halak"]
[Result "1-0"]
[WhiteElo "2596"]
[BlackElo "2449"]
[TimeControl "180+1"]
[EndTime "9:58:50 PDT"]
[Termination "WilsonPalencia21 won by resignation"]

1. d4 d5 2. c4 c6 3. Nf3 Nf6 4. Nc3 e6 5. Bg5 Be7 6. e3 O-O 7. Qc2 Nbd7 8. O-O-O a5 9. h4 h6 10. Bxf6 Nxf6 11. Ne5 Bd6 12. f4 dxc4 13. Bxc4 Bd7 14.
Qe2 b5 15. Bd3 b4 16. Na4 c5 17. Nxd7 Qxd7 18. Nb6 Qc6 19. Nxa8 cxd4+ 20. Kb1 dxe3 21. Bb5 Qe4+ 22. Ka1 Nd5 23. Bc6 Qxf4 24. Bxd5 exd5 25. Nb6 d4 26. Nc4 Bc5 27. Nxa5 Ra8 28. Nb3 Bb6 29.
Qf3 Qxf3 30. gxf3 e2 31. Rd3 Re8 32. Re1 f5 33. Kb1 f4 34. Nc1 Re3 35. Rxe2 g5 36.
hxg5 hxg5 37. Rdxe3 fxe3 38. Kc2 Kf7 39. Kd3 Ke6 40.
Rg2 Kf5 41. Ne2 Bc5 42. Rg4 Bb6 43. Nxd4+ 1-0

[Event "Early-Titled-Tuesday-Blitz-April-16-2024"]
[Site "Chess.com"]
[Date "2024.04.16"]
[Round "10"]
[White "Nutflush"]
[Black "DarZay"]
[Result "1-0"]
[WhiteElo "2134"]
[BlackElo "2289"]
[TimeControl "180+1"]
[EndTime "9:58:52 PDT"]
[Termination "Nutflush won by resignation"]

1. e4 c5 2. c3 Nc6 3. d4 cxd4 4. cxd4 d5 5. exd5 Qxd5 6. Nf3 Bg4 7. Nc3 Bxf3 8.
gxf3 Qxd4 9. Qxd4 Nxd4 10. Nb5 O-O-O 11. Nxd4 Rxd4 12. Be3 Rd7 13. Bxa7 e5 14. Bh3 Bb4+ 15. Ke2 Kd8 16. Bxd7 Kxd7 17. Rhd1+ Ke7 18. Rac1 Nf6 19.
Rc7+ Ke6 20. Rxb7 Bd6 21. Rb6 Nd5 22. Ra6 Ra8 23. b4 Nc3+ 24. Ke1 Nxd1 25. Kxd1 Kd7 26. b5 Kc7 27. Rc6+ Kb7 28. Rxd6 Kxa7 29. Ra6+ Kb7 30. Rxa8 Kxa8 31. Ke2 Kb7 32. Ke3 f5 33. f4 e4 34. h4 Kb6 35. a4 Kc5 36. h5 g6 37.
h6 Kb6 38. Kd4 Ka5 39. Ke5 Kb6 40. Kf6 Ka5 41. Kg7 g5 42. Kxh7 e3 43. fxe3 g4 44. Kg6 g3 45. h7 g2 46. h8=Q g1=Q+ 47. Kxf5 Qxe3 48. Qa8+ Kb4 49. Qe4+ Qxe4+ 50. Kxe4 1-0

[Event "Early-Titled-Tuesday-Blitz-April-16-2024"]
[Site "Chess.com"]
[Date "2024.04.16"]
[Round "10"]
[White "Iskusnyh"]
[Black "Silvederione"]
[Result "1-0"]
[WhiteElo "2609"]
[BlackElo "2518"]
[TimeControl "180+1"]
[EndTime "9:58:53 PDT"]
[Termination "Iskusnyh won on time"]

1. d4 Nf6 2. c4 g6 3. g3 Bg7 4.
Bg2 O-O 5. Nc3 d6 6. Nf3 c5 7. dxc5 dxc5 8. Qxd8 Rxd8 9. Be3 Na6 10. O-O Be6 11.
Ne5 Rab8 12. Rfd1 Nd7 13. Nxd7 Rxd7 14. Rxd7 Bxd7 15. Bf4 e5 16. Be3 Bc6 17. Bxc6 bxc6 18. Rd1 e4 19. Nxe4 Bxb2 20. Nxc5 Nb4 21. Nd3 Nxd3 22. Rxd3 a5 23. Rb3 Rxb3 24. axb3 Bc3 25. Bc5 f5 26. Kf1 Kf7 27. e3 Ke6 28. Ke2 Ke5 29.
Kd3 Be1 30. f3 h5 31. Bd4+ Ke6 32. Bc3 1-0

[Event "Early-Titled-Tuesday-Blitz-April-16-2024"]
[Site "Chess.com"]
[Date "2024.04.16"]
[Round "10"]
[White "pfalcon1949"]
[Black "diamonds13"]
[Result "1-0"]
[WhiteElo "1958"]
[BlackElo "2318"]
[TimeControl "180+1"]
[EndTime "9:58:54 PDT"]
[Termination "pfalcon1949 won by resignation"]

1. e4 c5 2. Nf3 e6 3. d4 cxd4 4. Nxd4 Nf6 5. Nc3 Nc6 6. Ndb5 Bb4 7. a3 Bxc3+ 8. Nxc3 d5 9. exd5 exd5 10. Bd3 O-O 11. O-O d4 12. Ne4 Nxe4 13. Bxe4 Re8 14. Bd3 Ne5 15. Bf4 Bg4 16. f3 Bh5 17. Bxe5 Rxe5 18. Re1 Qg5 19. Rxe5 Qxe5 20. Qe2 Re8 21. Re1 Qxe2 22.
Rxe2 Rxe2 23. Bxe2 Bg6 24. Bd3 Bxd3 25. cxd3 Kf8 26.
Kf2 Ke7 27. f4 Kd6 28. Ke2 a5 29. Kd2 Kc5 30. b3 h5 31. Ke2 Kd5 32. Kf3 b6 33. Kg3 Ke6 34. Kh4 Kf5 35. Kg3 g5 36. fxg5 Kxg5 37.
Kf3 Kf5 38. g3 f6 39. h3 Ke5 40. g4 hxg4+ 41. Kxg4 b5 42. h4 f5+ 43. Kf3 Ke6 44. Kf4 Kf6 45. h5 a4 46. b4 1-0

[Event "Early-Titled-Tuesday-Blitz-April-16-2024"]
[Site "Chess.com"]
[Date "2024.04.16"]
[Round "10"]
[White "mertfelin"]
[Black "andong36"]
[Result "0-1"]
[WhiteElo "2252"]
[BlackElo "2402"]
[TimeControl "180+1"]
[EndTime "9:58:56 PDT"]
[Termination "andong36 won by checkmate"]

1. e4 d5 2. exd5 Nf6 3. d4 Nxd5 4. Nf3 Bf5 5. Ng1 e6 6. c3 Nc6 7. Bd3 Bg6 8. Nf3 Bd6 9. O-O Bh5 10. Re1 Qf6 11. c4 Nf4 12. Bxf4 Qxf4 13. d5 Nd4 14. Be4 f5 15. Qxd4 Bxf3 16. gxf3 fxe4 17. Rxe4 Qxh2+ 18. Kf1 e5 19. Qe3 O-O 20. c5 Be7 21. Rg4 Rf5 22. Nc3 Raf8 23. Ke2 Rxf3 24. Qxf3 Rxf3 25. Kxf3 Bxc5 26.
Rag1 Qxf2+ 27. Ke4 Qe3+ 28. Kf5 g6+ 29. Ke6 Qf2 30.
Ne4 Qf5# 0-1

[Event "Early-Titled-Tuesday-Blitz-April-16-2024"]
[Site "Chess.com"]
[Date "2024.04.16"]
[Round "10"]
[White "Felix-Rose"]
[Black "tarno17"]
[Result "1-0"]
[WhiteElo "2191"]
[BlackElo "2120"]
[TimeControl "180+1"]
[EndTime "9:58:56 PDT"]
[Termination "Felix-Rose won on time"]

1. d4 d5 2. c4 e6 3. Nc3 Nf6 4. Bg5 Be7 5. Nf3 h6 6. Bh4 O-O 7. e3 b6 8. Rc1 Bb7 9. Bd3 Nbd7 10.
O-O c5 11. cxd5 Nxd5 12. Bxe7 Qxe7 13. Nxd5 exd5 14. dxc5 bxc5 15. Bb1 Rfd8 16. Qc2 Nf8 17. Qxc5 Qe6 18. Nd4 Qg4 19. Bf5 Qg5 20. Rfd1 Ng6 21. Bxg6 Qxg6 22. Qc7 Rab8 23. b3 Qg4 24. h3 Qe4 25.
Qa5 a6 26. Rc7 Rd6 27. Qb4 Rg6 28. g3 a5 29. Qb5 1-0

[Event "Early-Titled-Tuesday-Blitz-April-16-2024"]
[Site "Chess.com"]
[Date "2024.04.16"]
[Round "10"]
[White "Rawnsdale"]
[Black "Kushch_Nikolai"]
[Result "1-0"]
[WhiteElo "2493"]
[BlackElo "2360"]
[TimeControl "180+1"]
[EndTime "9:58:59 PDT"]
[Termination "Rawnsdale won by resignation"]

1. e4 c5 2. Nf3 e6 3. d4 cxd4 4. Nxd4 a6 5. c4 Nf6 6. Nc3 Qc7 7. Bd3 Nc6 8. Nde2 d6 9. O-O Be7 10. Bf4 b6 11. Rc1 Ne5 12. Bxe5 dxe5 13. b4 O-O 14.
Qb3 Bb7 15. Ng3 Rfd8 16. Rfd1 Rac8 17. Na4 Rd4 18. c5 b5 19. Nb6 Rcd8 20. f3 Nd7 21.
Nxd7 Qxd7 22. Rc3 Bc6 23. Ne2 Bf6 24. Nxd4 exd4 25. Rc2 e5 26. Rcd2 Bg5 27. Re2 h5 28. g3 Qe7 29. Kg2 Qf6 30. h4 Be3 31. Bc2 g5 32.
Qd3 Re8 33. Rxe3 dxe3 34. Qxe3 gxh4 35. Rd6 Re6 36. Rxe6 fxe6 37. gxh4 Qxh4 38. Bb3 Qf6 39.
Qd2 Be8 40. Qd6 Bf7 41. c6 Qg5+ 42.
Kf1 Qe3 43. Bd1 Kg7 44. c7 Qc3 45. Qd8 Qc4+ 46. Be2 Qc1+ 47. Kf2 Qe3+ 48. Kxe3 1-0

[Event "Early-Titled-Tuesday-Blitz-April-16-2024"]
[Site "Chess.com"]
[Date "2024.04.16"]
[Round "10"]
[White "AmanteDeMoi"]
[Black "NasirAkylbekov"]
[Result "0-1"]
[WhiteElo "2587"]
[BlackElo "2526"]
[TimeControl "180+1"]
[EndTime "9:59:00 PDT"]
[Termination "NasirAkylbekov won on time"]

1. Nf3 Nf6 2. b3 b6 3. Bb2 Bb7 4. e3 d6 5. Be2 Nbd7 6. O-O g6 7. c4 Bg7 8. Nc3 O-O 9. Qc2 e5 10. Rad1 c6 11. d4 Qe7 12. dxe5 dxe5 13. Ne4 Nxe4 14. Qxe4 Rfd8 15. Qc2 c5 16. e4 a5 17. a4 Nf8 18. Rfe1 f6 19. Nd2 Ne6 20. Nf1 Bh6 21.
Rd5 Bxd5 22. exd5 Nd4 23. Qd3 Qd6 24. Bd1 Re8 25. Qh3 Bg7 26. Ng3 f5 27. Nf1 e4 28. Bc1 f4 29. Qg4 Bh6 30. g3 e3 31.
fxe3 fxe3 32. Bxe3 Nf5 33. Bf2 Qf6 34. Rxe8+ Rxe8 35. Bc2 Nd4 36. Bd1 Rf8 0-1

[Event "Early-Titled-Tuesday-Blitz-April-16-2024"]
[Site "Chess.com"]
[Date "2024.04.16"]
[Round "10"]
[White "karinachess1"]
[Black "aanshnerurkar"]
[Result "1-0"]
[WhiteElo "2612"]
[BlackElo "2430"]
[TimeControl "180+1"]
[EndTime "9:59:00 PDT"]
[Termination "karinachess1 won by checkmate"]

1. d4 Nf6 2. c4 e6 3. Nc3 Bb4 4. a3 Bxc3+ 5. bxc3 b6 6. f3 Nc6 7. e4 d6 8. Ne2 Na5 9. Ng3 Ba6 10. Bd3 Qd7 11.
Qe2 Qa4 12. O-O Bxc4 13. Be3 Bxd3 14. Qxd3 Qc4 15. Qc2 O-O 16. f4 Qb3 17. Qc1 Nc4 18.
f5 e5 19. Bh6 Ne8 20. f6 gxh6 21. Qxh6 Qxc3 22. Nf5 Qxd4+ 23. Kh1 Qxe4 24. Ne7+ Kh8 25. Qxf8# 1-0

[Event "Early-Titled-Tuesday-Blitz-April-16-2024"]
[Site "Chess.com"]
[Date "2024.04.16"]
[Round "10"]
[White "JonSnowNW1"]
[Black "Yan_Dyomin2010"]
[Result "1-0"]
[WhiteElo "2550"]
[BlackElo "2622"]
[TimeControl "180+1"]
[EndTime "9:59:01 PDT"]
[Termination "JonSnowNW1 won by checkmate"]

1. c4 g6 2. Nc3 c5 3. g3 Bg7 4.
Bg2 Nc6 5. Nf3 d6 6. O-O Qd7 7. e3 b6 8. d4 Bb7 9. d5 Na5 10. Nd2 Nf6 11. e4 O-O 12. Qc2 e6 13. b3 exd5 14. exd5 Rfe8 15. Bb2 a6 16. Nce4 Nxe4 17. Nxe4 Qe7 18. Rae1 Kf8 19. Bc3 Rad8 20. f4 Bc8 21. Ng5 Qd7 22. Bxg7+ Kxg7 23. Qc3+ Kg8 24. Ne4 Rxe4 25. Rxe4 Kf8 26. Qh8# 1-0

[Event "Early-Titled-Tuesday-Blitz-April-16-2024"]
[Site "Chess.com"]
[Date "2024.04.16"]
[Round "10"]
[White "AndrewB92"]
[Black "Knightmare1014"]
[Result "0-1"]
[WhiteElo "2447"]
[BlackElo "2332"]
[TimeControl "180+1"]
[EndTime "9:59:03 PDT"]
[Termination "Knightmare1014 won on time"]

1. d4 d5 2. Nf3 Nf6 3. c4 e6 4.
Nc3 Be7 5. Bg5 Nbd7 6. e3 h6 7. Bh4 O-O 8. Qc2 c5 9. cxd5 cxd4 10. Nxd4 Nxd5 11. Bxe7 Nxe7 12. O-O-O a6 13. Kb1 Qc7 14. Be2 b5 15. Bf3 Bb7 16. Ncxb5 Qxc2+ 17. Nxc2 Bxf3 18. Rxd7 Bxg2 19. Rg1 Be4 20. Nc3 Bxc2+ 21. Kxc2 Nc6 22. f4 Rad8 23. Rgd1 Rxd7 24. Rxd7 Rd8 25. Rc7 Nb4+ 26. Kb3 Nd5 27. Nxd5 Rxd5 28. a4 e5 29. fxe5 Rxe5 30. Rc3 f5 31. Kb4 a5+ 32. Kc4 g5 33. Rb3 Kg7 34. Rb5 Re4+ 35. Kb3 Rxe3+ 36. Ka2 Kg6 37. Rxa5 f4 38. Ra6+ Kf5 39. Rxh6 f3 40. Rh8 Ke4 41. a5 f2 42. Re8+ Kf3 43. Rf8+ Kg2 44. a6 Re6 0-1

[Event "Early-Titled-Tuesday-Blitz-April-16-2024"]
[Site "Chess.com"]
[Date "2024.04.16"]
[Round "10"]
[White "Manukyan_Artak"]
[Black "Matols"]
[Result "1-0"]
[WhiteElo "2502"]
[BlackElo "2362"]
[TimeControl "180+1"]
[EndTime "9:59:03 PDT"]
[Termination "Manukyan_Artak won by resignation"]

1. e4 c6 2. d4 d5 3. e5 c5 4. dxc5 e6 5. a3 Bxc5 6. b4 Be7 7. c4 dxc4 8. Qxd8+ Bxd8 9. Bxc4 Nc6 10. Bb2 Nge7 11.
Nf3 O-O 12. Nc3 Ng6 13. Ne4 Bc7 14. Nd6 Ncxe5 15. Nxe5 Bxd6 16. Nxg6 hxg6 17. O-O-O Bf4+ 18. Kb1 a5 19. g3 Bc7 20. Bc3 axb4 21. Bxb4 Rd8 22.
Rxd8+ Bxd8 23. Rd1 Bf6 24. Kc2 e5 25. Kb3 Bg4 26. Rd5 Rc8 27. a4 Be6 28. Rc5 Bxc4+ 29. Kxc4 Rxc5+ 30. Bxc5 Bd8 31. Kb5 f6 32. Bb6 Be7 33.
Bc7 e4 34. Kb6 f5 35. a5 g5 36. Kxb7 Bc5 37. Bb6 Bxb6 38. axb6 f4 39. Kc6 e3 40. fxe3 fxe3 41. b7 e2 42. b8=Q+ Kh7 43. Qe5 1-0

[Event "Early-Titled-Tuesday-Blitz-April-16-2024"]
[Site "Chess.com"]
[Date "2024.04.16"]
[Round "10"]
[White "bubeliang"]
[Black "DeArron_Fox"]
[Result "0-1"]
[WhiteElo "2760"]
[BlackElo "2562"]
[TimeControl "180+1"]
[EndTime "9:59:04 PDT"]
[Termination "DeArron_Fox won by checkmate"]

1. e4 c5 2. c3 d5 3. exd5 Qxd5 4. d4 Nf6 5. Nf3 e6 6. Na3 Nc6 7. Be3 cxd4 8. Nb5 Qd8 9. Nbxd4 Nd5 10. Nxc6 bxc6 11.
Bd4 c5 12. Ne5 Bd6 13. Qh5 O-O 14. Bd3 Nf6 15. Qh3 cxd4 16. Ng4 g6 17. Nh6+ Kg7 18. O-O e5 19. Qh4 Nd5 20. Qe4 Be6 21. c4 Nf4 22.
Ng4 Bxg4 23. f3 Bf5 24. Qe1 Nxd3 25. Rf2 Nxe1 26. Rxe1 d3 27. Rfe2 Bc5+ 28. Rf2 d2 29. Rd1 Bxf2+ 30. Kxf2 Qd4+ 31. Kg3 Qxc4 32. Rxd2 Qf4+ 33.
Kf2 Qxd2+ 34. Kg3 e4 35. Kh4 exf3 36. g4 Qxh2+ 37. Kg5 h6# 0-1

[Event "Early-Titled-Tuesday-Blitz-April-16-2024"]
[Site "Chess.com"]
[Date "2024.04.16"]
[Round "10"]
[White "Tol_Tol"]
[Black "Bwert2602"]
[Result "0-1"]
[WhiteElo "2380"]
[BlackElo "2254"]
[TimeControl "180+1"]
[EndTime "9:59:04 PDT"]
[Termination "Bwert2602 won by resignation"]

1. d4 e5 2. dxe5 Nc6 3. Nf3 d6 4. e4 dxe5 5. Qxd8+ Kxd8 6. Bb5 f6 7. Bxc6 bxc6 8.
Be3 Be6 9. b3 a5 10. a4 Nh6 11.
h3 Nf7 12. Ke2 Bd6 13. Nfd2 Bb4 14. Na3 Bc3 15. Rad1 Nd6 16. Ndc4 Ke7 17. Bc5 Bb4 18. Bxb4 axb4 19. Nxd6 cxd6 20. Nb1 d5 21. Ke3 Rhd8 22. f4 exf4+ 23. Kxf4 dxe4 24. Kxe4 Bd5+ 25. Kf4 Bxg2 26. Rxd8 Rxd8 27. Rg1 g5+ 28. Kg3 Be4 29. Re1 f5 30. c3 bxc3 31. Na3 Kf6 32. Rc1 Rd3+ 33. Kf2 Rxh3 34.
a5 f4 35. Ke2 Rh2+ 36. Kd1 Rh1+ 0-1

[Event "Early-Titled-Tuesday-Blitz-April-16-2024"]
[Site "Chess.com"]
[Date "2024.04.16"]
[Round "10"]
[White "alexrustemov"]
[Black "Leo_C"]
[Result "1-0"]
[WhiteElo "2845"]
[BlackElo "2665"]
[TimeControl "180+1"]
[EndTime "9:59:07 PDT"]
[Termination "alexrustemov won on time"]

1. d4 Nf6 2. c4 e6 3. Nf3 d5 4.
Nc3 Bb4 5. Bg5 h6 6. Bxf6 Qxf6 7. e3 O-O 8. Qb3 c5 9. cxd5 exd5 10. dxc5 Nc6 11. O-O-O Be6 12. Nxd5 Bxd5 13. Rxd5 Qe7 14.
Qc2 Rac8 15. Kb1 Nb8 16. Bc4 Bxc5 17. Qd3 Nc6 18. Rd7 Qf6 19. Rd1 a6 20. Bb3 Na5 21.
Bd5 b5 22. Nd2 Bb4 23. Ne4 Qf5 24. f3 Qxd7 25. Nf6+ gxf6 26. Qg6+ Kh8 27. Qxh6+ Kg8 28. Qg6+ Kh8 29. Qxf6+ Kg8 30. Rd4 Be7 31. Qg6+ Kh8 32.
Qh6+ Kg8 33. Be4 Rc1+ 34. Kxc1 Qc7+ 35. Kb1 1-0

[Event "Early-Titled-Tuesday-Blitz-April-16-2024"]
[Site "Chess.com"]
[Date "2024.04.16"]
[Round "10"]
[White "IsaqueGoncalvesSanto"]
[Black "Gryffindorac8"]
[Result "0-1"]
[WhiteElo "1889"]
[BlackElo "2444"]
[TimeControl "180+1"]
[EndTime "9:59:08 PDT"]
[Termination "Gryffindorac8 won on time"]

1. d4 Nf6 2. c4 c5 3. d5 b5 4. cxb5 a6 5. bxa6 Bxa6 6. Nc3 d6 7. g3 g6 8. Bg2 Bg7 9. Nf3 O-O 10. O-O Nbd7 11.
Re1 Qb6 12. e4 Ng4 13. Na4 Qa7 14. Rb1 Nge5 15. b3 Bb5 16. Nxe5 Nxe5 17. Nc3 Bd3 18. Rb2 Ba6 19. Rc2 Nd3 20. Re3 Nb4 21. Rb2 Bd4 22. a3 Bxe3 23. Bxe3 Nd3 24. Rd2 Ne5 25.
Bh6 Rfb8 26. f4 c4+ 27. Kh1 Nd3 28. b4 Nf2+ 29. Rxf2 Qxf2 30. Ne2 Rc8 31. Nd4 Bb7 32. b5 Rxa3 33. Nc6 Bxc6 34. bxc6 Rca8 35. c7 Qc5 36. Qe2 Qxc7 37. e5 Ra1+ 38. Bf1 Qc5 39. e6 Qxd5+ 0-1

[Event "Early-Titled-Tuesday-Blitz-April-16-2024"]
[Site "Chess.com"]
[Date "2024.04.16"]
[Round "10"]
[White "noblerone"]
[Black "UnTucopalaTimba"]
[Result "1-0"]
[WhiteElo "2483"]
[BlackElo "2019"]
[TimeControl "180+1"]
[EndTime "9:59:09 PDT"]
[Termination "noblerone won by resignation"]

1. d4 Nf6 2. Nf3 e6 3. Bg5 d5 4.
Nbd2 c5 5. e3 Nc6 6. c3 Be7 7.
Bd3 Qb6 8. Rb1 c4 9. Bc2 a5 10. O-O Qc7 11. Re1 b5 12. e4 dxe4 13. Nxe4 Nxe4 14.
Bxe4 Bb7 15. d5 Nd8 16. Bxe7 Qxe7 17. dxe6 O-O 18. exf7+ Qxf7 19. Bxh7+ Kh8 20. Be4 Bxe4 21. Rxe4 Qf5 22. Re5 Qg6 23. Rxb5 Ne6 24. Ra1 Rad8 25. Qf1 Nf4 26. Rg5 Qf7 27. Nd4 Nd3 28. Rg3 Qxf2+ 29. Qxf2 Nxf2 30. Ne6 Ne4 31. Rh3+ Kg8 32. Nxf8 Rxf8 33.
Re3 Nc5 34. Rd1 Nd3 35. b3 Nf4 36. bxc4 Rc8 37. Re4 Ng6 38. Red4 1-0